 Dungeon Crawl Stone Soup version 0.24.0-13-gcf9b319 (webtiles) character file.

Game seed: 1804169137415561505, levelgen mode: deterministic

37 Bronimir the Firebug (level 3, -3/31 HPs)
             Began as an Ogre Fire Elementalist on Mar 28, 2020.
             Slain by a gnoll
             ... wielding a +0 halberd
              (6 damage)
             ... on level 3 of the Dungeon.
             The game lasted 00:02:32 (1862 turns).

Bronimir the Firebug (Ogre Fire Elementalist)       Turns: 1862, Time: 00:02:33

Health: -3/31      AC:  4    Str: 13    XL:     3   Next: 39%
Magic:  3/7        EV:  9    Int: 16    God:
Gold:   90         SH:  0    Dex:  6    Spells: 4/7 levels left

rFire    . . .     SeeInvis +   a - +1 hand axe (flame)
rCold    . . .     Gourm    .   (no shield)
rNeg     . . .     Faith    .   i - +1 robe
rPois    .         Spirit   .   (helmet restricted)
rElec    .         Reflect  .   (no cloak)
rCorr    .         Harm     .   (gloves unavailable)
MR       .....                  (boots unavailable)
Stlth    +.........             (no amulet)
HPRegen  0.10/turn              n - ring of see invisible
MPRegen  0.10/turn              t - -3 ring of dexterity (curse)

@: very slightly contaminated
A: large, unfitting armour, tough skin 1
a: no special abilities


You were on level 3 of the Dungeon.
You were not hungry.

You visited 1 branch of the dungeon, and saw 3 of its levels.

You collected 90 gold pieces.

Inventory:

Hand Weapons
 a - a +1 hand axe of flaming (weapon)
 e - a +0 dagger
Missiles
 b - 102 arrows
 l - 35 stones (quivered)
 p - 53 sling bullets
Armour
 i - a +1 robe (worn)
Jewellery
 n - a ring of see invisible (left hand)
 t - a cursed -3 ring of dexterity (right hand)
Scrolls
 d - a scroll of blinking
 h - a scroll of identify
Potions
 f - a potion of lignification {unknown}
 o - a potion of resistance {unknown}
 q - 2 potions of curing {unknown}
 r - a potion of agility {unknown}
 s - a potion of flight {unknown}
Comestibles
 c - 5 rations


   Skills:
 + Level 0.4 Throwing
 + Level 1.9 Dodging
 - Level 1.4 Stealth
 * Level 2.7 Spellcasting
 * Level 1.2 Conjurations
 * Level 3.4 Fire Magic


You had 4 spell levels left.
You knew the following spells:

 Your Spells              Type           Power        Failure   Level  Hunger
a - Flame Tongue          Conj/Fire      #....        8%          1    #......
b - Throw Flame           Conj/Fire      #.....       11%         2    ##.....

Your spell library contained the following spells:

 Spells                   Type           Power        Failure   Level  Hunger
 Conjure Flame            Conj/Fire      #.......     22%         3    ###....
 Inner Flame              Hex/Fire       #.......     28%         3    ###....
 Sticky Flame             Conj/Fire      #.......     58%         4    #####..
 Fireball                 Conj/Fire      #.........   90%         5    ######.


Dungeon Overview and Level Annotations

Branches:
Dungeon (3/15)

Altars:
Elyvilon


Innate Abilities, Weirdness & Mutations

You are too large for most types of armour.
You have tough skin. (AC +1)


Message History

Unknown command.
Casting: Flame Tongue (safe; 8% risk of failure)
Confirm with . or Enter, or press ? or * to list all spells.
Aiming: Throw Flame (safe; 11% risk of failure)
Press: ? - help, Shift-Dir - straight line, f/p - gnoll
Aim: a gnoll, wielding a +0 halberd (moderately wounded)
The puff of flame misses the gnoll.
The puff of flame hits the gnoll.
The gnoll is heavily wounded.
Casting: Throw Flame (safe; 11% risk of failure)
Confirm with . or Enter, or press ? or * to list all spells.
Aiming: Throw Flame (safe; 11% risk of failure)
Press: ? - help, Shift-Dir - straight line, f/p - gnoll
Aim: a gnoll, wielding a +0 halberd (moderately wounded)
You miscast Throw Flame.
You are very lightly contaminated with residual magic.
You have a brief vision of globes of primordial fire.
The gnoll hits you with a +0 halberd!
* * * LOW HITPOINT WARNING * * *
The gnoll hits you from afar with a +0 halberd.
You die...

####### ##########
#.....##########........#
#<##.............######.#
#.##..#########..######.######
#.##..# ##.@.#.g.....†..#
#.##..# #....g.###.####.#
#.....# ##.........# #.#
####.## ##.###########.####
#.# #.# #....... #.. #.#
#....... ##+# #..g.... #...#
#.>..... .....# #.g.....


You could see a gnoll.

Vanquished Creatures
  Jessica (D:2)
  A goblin (D:1)
  A hobgoblin (D:1)
  2 ball pythons
  2 bats
  A frilled lizard (D:2)
  3 kobolds
  3 rats
14 creatures vanquished.

Notes
Turn   | Place    | Note
-------+----------+-------------------------------------------
     0 | D:1      | Bronimir the Ogre Fire Elementalist began the quest for the
                  | Orb.
     0 | D:1      | Reached XP level 1. HP: 16/16 MP: 3/3
    34 | D:1      | Reached skill level 1 in Conjurations
   472 | D:1      | Reached skill level 3 in Fire Magic
   940 | D:2      | Reached XP level 2. HP: 24/24 MP: 1/5
   957 | D:2      | Learned a level 2 spell: Throw Flame
  1314 | D:2      | Found a white marble altar of Elyvilon.
  1540 | D:2      | Noticed Jessica
  1548 | D:2      | Killed Jessica
  1548 | D:2      | Reached XP level 3. HP: 19/31 MP: 2/7
  1862 | D:3      | Slain by a gnoll

Levels and vault maps discovered:
D:1:      grunt_arrival_crossed_arrows, layout_basic
D:2:      layout_loops_corners, elyvilon_altar_3, uniq_jessica
D:3:      layout_loops_corners, st_stairs_6, grunt_decor_arrowhead,
          skrybe_limestone_x

Skill      XL: |  1 |
---------------+----+-----
Conjurations   | 1 |  1.2
Fire Magic     | 3 |  3.4
Throwing       | |  0.4
Dodging        | |  1.9
Stealth        | |  1.4
Spellcasting   | |  2.7

Action                   || total
-------------------------++-------
Melee: Dagger            ||     7
       Hand axe          ||     6
Throw: Boomerang         ||    27
 Cast: Flame Tongue      ||    17
       Throw Flame       ||     1
  Use: Scroll            ||     5
  Eat: Chunk             ||     3
Armor: Robe              ||    14
Dodge: Dodged            ||    18
